 Dungeon Crawl Stone Soup version 0.28-a0-1404-g4df0f3684d (webtiles) character file.

Game seed: 935530078562775437

4500 siradein the Nimble (level 10, 0/79 HPs)
             Began as a Vampire Berserker on Jan 6, 2022.
             Was an Elder of Trog.
             Slain by enile's ghost (6 damage)
             ... on level 7 of the Dungeon.
             The game lasted 00:19:57 (6347 turns).

siradein the Nimble (Vampire Berserker)             Turns: 6347, Time: 00:19:57

Health: 0/79       AC: 10    Str: 20    XL:     10   Next: 16%
Magic:  10/10      EV: 18    Int: 10    God:    Trog [****..]
Gold:   354        SH:  0    Dex: 20    Spells: 9/9 levels left

rFire   . . .      SeeInvis +   D - +0 scimitar
rCold   . . .      Faith    .   (no shield)
rNeg    . . .      Spirit   .   a - +0 steam dragon scales
rPois   .          Reflect  .   (no helmet)
rElec   .          Harm     .   (no cloak)
rCorr   .          Rampage  .   d - +1 pair of gloves
Will    +....                   s - +0 pair of boots
Stlth   ++........              (no amulet)
HPRegen 0.43/turn               o - +6 ring of dexterity
MPRegen 0.12/turn               n - ring of flight

@: on berserk cooldown, flying, healing quickly, slowed, very slow
A: alive, fangs 3, see invisible, vampiric 2
a: Exsanguinate, Renounce Religion, Berserk, Trog's Hand, Brothers in Arms


You were on level 7 of the Dungeon.
You worshipped Trog.
Trog was greatly pleased with you.
You visited 1 branch of the dungeon, and saw 7 of its levels.
You also visited: Ossuary.

You collected 354 gold pieces.

Inventory:

Hand Weapons
 b - a +2 dagger of electrocution
 l - a +2 rapier of flaming
 D - a +0 scimitar (weapon)
Missiles
 f - 3 atropa-tipped darts
 t - 23 poisoned darts (quivered)
Armour
 a - +0 steam dragon scales (worn)
 d - a +1 pair of gloves (worn)
 g - a +2 ring mail of fire resistance
 s - a +0 pair of boots (worn)
Jewellery
 e - a ring of resist corrosion
 n - a ring of flight (right hand)
 o - a +6 ring of dexterity (left hand)
Wands
 p - a wand of flame (27)
 q - a wand of mindburst (11)
Scrolls
 c - a scroll of magic mapping {unknown}
 i - 4 scrolls of teleportation
 k - a scroll of fear
 r - 3 scrolls of torment
 u - 2 scrolls of immolation
 v - a scroll of enchant armour {unknown}
 w - a scroll of holy word {unknown}
 y - a scroll of identify
 F - a scroll of fog {unknown}
Potions
 h - 2 potions of resistance {unknown}
 j - 5 potions of curing
 m - a potion of degeneration {unknown}
 x - a potion of flight {unknown}
 z - 2 potions of ambrosia {unknown}
 A - 3 potions of attraction {unknown}
 B - a potion of experience {unknown}
 C - 2 potions of heal wounds {unknown}
 E - a potion of magic {unknown}
 G - a potion of cancellation {unknown}


   Skills:
 + Level 7.4 Fighting
 + Level 8.0 Long Blades
 + Level 6.3 Armour
 + Level 8.5 Dodging


You had 9 spell levels left.
You didn't know any spells.
Your spell library was empty.

Dungeon Overview and Level Annotations

Branches:
Dungeon (7/15)             Temple (0/1) D:7         Ossuary (visited)

Altars:
Gozag
Makhleb
Ru
Trog
Wu Jian
Yredelemnul
The Shining One

Shops:
D:7 !

Annotations:
D:3 1 runed translucent door
D:7 enile's ghost, novice FeSu


Innate Abilities, Weirdness & Mutations

Your natural rate of healing is accelerated.
You have razor-sharp teeth.
You have supernaturally acute eyesight. (SInv)
You are afflicted with vampirism and can become a bat while bloodless.


Message History

Enile's ghost whispers, "The ORB doesn't exist."
You barely miss the kobold brigand. Your bite misses the kobold brigand.
The kobold brigand is almost dead.
The kobold brigand hits you but does no damage.
You slash the kobold brigand!
You kill the kobold brigand!
Trog accepts your kill.
Enile's ghost says, "First you will die, then you will suffer."
You barely miss the kobold brigand.
The kobold brigand hits you but does no damage.
The crimson imp blinks!
You barely miss the kobold brigand. The kobold brigand closely misses you.
You slash the kobold brigand!
The kobold brigand is severely wounded.
You hit the kobold brigand. Your bite misses the kobold brigand.
The kobold brigand is almost dead.
Enile's ghost mumbles some strange words.
The kobold brigand misses you.
You barely miss the kobold brigand.
The kobold brigand is almost dead.
The kobold brigand hits you with a +0 short sword.
* * * LOW HITPOINT WARNING * * *
You slice the kobold brigand!!
You kill the kobold brigand!
Trog accepts your kill.
You are no longer berserk.
You are exhausted.
You feel yourself slow down.
You slash the rat!
You kill the rat!
The rat's corpse disappears in a puff of smoke!
Enile's ghost misses you.
You hit enile's ghost.
Enile's ghost is lightly damaged.
The crimson imp disappears in a puff of smoke!
Enile's ghost misses you.
You miss enile's ghost. Your bite misses enile's ghost. Enile's ghost hits you.
* * * LOW HITPOINT WARNING * * *
Enile's ghost hits you.
You die...

.......##.#.##.....##...##.......
.#..#####.#.#.#...#.#..##########
...## #.#.#⌠.#.#.⌠#..# ####
#.###.#...#.##.# #.####.....###.#
#....##'r5##.#.# ####...KrK...#.#
#####W#####.# #@# #.# ##### #§#
#.# ....# #####.#####.# ###.#
#...........## ##### #.#
#.########...## #.... # #.# #.#
#.....# #.### # #.# ###.# ##...##
#.#.. # #.# ##.#.# ##.## #.#^#
###.# #.#..# #.######.#.#


You could see 2 kobold brigands, enile's ghost, a white imp (summoned), a quokka
(summoned) and a rat (summoned).

Vanquished Creatures
  A cyclops (D:6)
  A kobold demonologist (D:4)
  Eustachio (D:4)
  A vampire (D:6)
  3 steam dragons
  3 water moccasins
  2 sky beasts
  Duvessa (D:5)
  An ice beast (D:7)
  A black bear (D:4)
  A necrophage (D:5)
  An ogre (D:7)
  3 centaurs
  A phantom (D:4)
  6 kobold brigands (D:7)
  2 bullfrogs
  An elf zombie (Ossuary)
  2 scorpions
  A wyvern zombie (D:7)
  2 water moccasin zombies
  Dowan (D:5)
  3 wights (D:6)
  A centaur zombie (D:7)
  A bullfrog zombie (D:6)
  A howler monkey (D:5)
  2 human zombies
  A centaur skeleton (D:6)
  A gnoll shaman (D:7)
  5 hounds
  A jelly (D:5)
  2 bullfrog skeletons
  3 iguanas
  Ijyb (D:3)
  An orc wizard (D:5)
  A killer bee zombie (D:7)
  2 hound skeletons (D:4)
  2 mummies (Ossuary)
  4 gnolls (D:7)
  7 adders
  A white imp (D:6)
  An ufetubus (D:2)
  3 adder zombies (Ossuary)
  An adder skeleton (D:4)
  6 dart slugs
  7 orcs
  4 ball pythons
  3 endoplasms
  2 giant cockroaches (D:4)
  18 goblins
  4 hobgoblins
  3 jackals (D:3)
  5 kobolds
  A quokka (D:3)
  3 bats
  A frilled lizard (D:3)
  2 goblin zombies (Ossuary)
  8 hobgoblin zombies (Ossuary)
  A jackal zombie (Ossuary)
  12 kobold zombies
  10 orc zombies (Ossuary)
  4 rats
175 creatures vanquished.

Notes
Turn   | Place    | Note
-------+----------+-------------------------------------------
     0 | D:1      | siradein the Vampire Berserker began the quest for the Orb.
     0 | D:1      | Reached XP level 1. HP: 17/17 MP: 1/1
   648 | D:2      | Reached XP level 2. HP: 21/23 MP: 2/2
   782 | D:2      | Gained mutation: You are afflicted with vampirism and can
                  | become a bat while bloodless. [Vampire growth]
   782 | D:2      | Reached XP level 3. HP: 29/29 MP: 3/3
  1234 | D:2      | Reached ** piety under Trog
  1251 | D:2      | Found a faded altar of an unknown god.
  1251 | D:2      | Noticed an Ice Fiend
  1431 | D:3      | Reached XP level 4. HP: 23/35 MP: 4/4
  1584 | D:3      | Noticed a human
  1585 | D:3      | Found a runed translucent door.
  1605 | D:3      | Reached XP level 5. HP: 37/41 MP: 5/5
  2041 | D:3      | Noticed Ijyb
  2064 | D:3      | Killed Ijyb
  2207 | D:3      | Found a basalt altar of Yredelemnul.
  2303 | D:4      | Found an opulent altar of Gozag.
  2304 | D:4      | Found a bloodstained altar of Trog.
  2447 | D:4      | Reached XP level 6. HP: 38/48 MP: 6/6
  2714 | D:4      | Found a sacrificial altar of Ru.
  3023 | D:5      | Entered Level 5 of the Dungeon
  3023 | D:5      | Noticed a kobold demonologist
  3043 | D:5      | Noticed Duvessa
  3043 | D:5      | Noticed Dowan
  3072 | D:5      | Noticed Eustachio
  3084 | D:4      | Reached XP level 7. HP: 51/55 MP: 7/7
  3115 | D:4      | Killed Eustachio
  3207 | D:4      | Noticed a smoke demon
  3208 | D:4      | Noticed a smoke demon
  3210 | D:4      | Noticed a chaos spawn
  3213 | D:4      | Killed a kobold demonologist
  3214 | D:4      | Reached skill level 5 in Long Blades
  3214 | D:4      | Reached skill level 5 in Dodging
  3296 | D:5      | Reached *** piety under Trog
  3303 | D:5      | Reached skill level 5 in Fighting
  3331 | D:5      | Reached XP level 8. HP: 62/62 MP: 8/8
  3727 | D:5      | Killed Duvessa
  3737 | D:5      | Killed Dowan
  3927 | D:6      | Found a burning altar of Makhleb.
  4038 | D:6      | Found a sand-covered staircase.
  4042 | Ossuary  | Entered an ossuary
  4137 | Ossuary  | Reached skill level 5 in Armour
  4144 | Ossuary  | Reached **** piety under Trog
  4227 | Ossuary  | Reached XP level 9. HP: 69/69 MP: 9/9
  4427 | D:6      | Noticed a cyclops
  4447 | D:6      | Killed a cyclops
  4919 | D:6      | Found an ornate altar of the Wu Jian Council.
  5226 | D:7      | Found a staircase to the Ecumenical Temple.
  5462 | D:7      | Found Exafecvo's Distillery.
  5774 | D:7      | Reached XP level 10. HP: 73/79 MP: 10/10
  6057 | D:7      | Found a runed translucent gate.
  6057 | D:7      | Found a runed translucent gate.
  6059 | D:7      | Found a runed translucent gate.
  6059 | D:7      | Noticed enile's ghost (novice FeSu)
  6347 | D:7      | Slain by enile's ghost

Illustrated notes

Levels and vault maps discovered:
D:1:      nicolae_arrival_somewhat_less_tricky_arrival, layout_rooms,
          patterned_corridor
D:2:      layout_loops_ring, dreamdust_ecumenical_altar_sealed_demon,
          grunt_ministairs_5
D:3:      kennysheep_goblin_castle, layout_rooms, general_overflow_altar,
          dk_yredelemnul_ordeal, grunt_ministairs_8
D:4:      layout_basic, nicolae_ru_the_path_less_chosen,
          mainiacjoe_overflow_catwalk_spiral
D:5:      layout_rooms, glass_columns_c, uniq_eustachio, uniq_duvessa
D:6:      layout_loops_ring, nicolae_wu_jian_immortal_techniques,
          bloody_makhleb, enter_ossuary_5, kennysheep_small_square
D:7:      layout_loops_corners, temple_pool_b, serial_shops,
          nicolae_shop_behind_doors, gammafunk_ghost_nasty_kobolds,
          eino_tiny_chamber

Skill      XL: |  1  2  3  4  5  6  7  8  9 10 |
---------------+-------------------------------+-----
Fighting       | 3 4 5 6 7 |  7.4
Armour         | 2 3 4 5 6 |  6.3
Dodging        | 3 4 5 6 8 |  8.5
Long Blades    | 4 5 6 7 8 |  8.0

Action                   |  1- 3 |  4- 6 |  7- 9 | 10-12 || total
-------------------------+-------+-------+-------+-------++-------
Melee: Falchion          |    64 |       |    31 |       ||    95
       Dagger            |    10 |       |       |       ||    10
       Bite              |     6 |    13 |    55 |    10 ||    84
       Punch             |     2 |     1 |    10 |     1 ||    14
       Rapier            |     8 |   153 |   314 |       ||   475
       Scimitar          |       |       |    74 |    53 ||   127
Invok: Trog's Hand       |       |     1 |     1 |     1 ||     3
       Berserk           |       |       |     4 |     1 ||     5
 Abil: Exsanguinate      |       |       |     1 |       ||     1
       Revivify          |       |       |     1 |       ||     1
  Use: Scroll            |       |       |     7 |       ||     7
 Stab: Sleeping          |       |       |     1 |       ||     1
Armor: Animal skin       |     1 |       |       |       ||     1
       Leather armour    |    18 |       |       |       ||    18
       Ring mail         |       |    68 |   106 |       ||   174
       Steam dragon scal |       |       |    21 |     9 ||    30
Dodge: Dodged            |    47 |    90 |   316 |    28 ||   481

Table legend: (Time is in decaauts)
 A = Elapsed time spent in this place.
 B = Non-inter-level travel time spent in this place.
 C = Inter-level travel time spent in this place.
 D = Time resting spent in this place.
 E = Time spent auto-exploring this place.
 F = Levels seen in this place.
 G = Mean time per level.
                   A        B        C        D        E       F      G
               +--------+--------+--------+--------+--------+-----+--------+
         Total |   6394 |   6258 |    136 |    222 |   4272 |   8 |  799.2 |
       Dungeon |   6156 |   6020 |    136 |    222 |   4181 |   7 |  879.4 |
       Ossuary |    237 |    237 |      0 |      0 |     91 |   1 |  237.0 |
               +--------+--------+--------+--------+--------+-----+--------+

Top non-repeatable levels by time:
     D:7: 1232 daAuts
     D:4: 1105 daAuts
     D:6: 982 daAuts
     D:3: 850 daAuts
     D:2: 753 daAuts
     D:1: 644 daAuts
     D:5: 588 daAuts
 Ossuary: 237 daAuts
